 Dungeon Crawl Stone Soup version 0.31-a0-986-g5e6e4ef867 (webtiles) character file.

Game seed: 7176941203931155946

20 Persephone the Slasher (level 2, -2/24 HPs)
             Began as a Merfolk Berserker on Nov 6, 2023.
             Was a Follower of Trog.
             Slain by Sigmund
             ... wielding a +0 scythe
              (8 damage)
             ... on level 2 of the Dungeon.
             The game lasted 00:01:40 (987 turns).

Persephone the Slasher (Merfolk Berserker)           Turns: 987, Time: 00:01:40

Health: -2/24      AC:  2    Str: 17    XL:     2   Next: 79%
Magic:  2/2        EV: 12    Int: 12    God:    Trog [*.....]
Gold:   15         SH:  0    Dex: 13    Spells: 1/1 levels left

rFire   . . .        a - +0 falchion
rCold   . . .        (no shield)
rNeg    . . .        b - +0 animal skin
rPois   +            (no helmet)
rElec   .            (no cloak)
rCorr   .            (no gloves)
SInv    .            (no boots)
Will    .....        (no amulet)
Stlth   +            d - +6 ring of intelligence
HPRegen 0.24/turn    h - ring of poison resistance
MPRegen 0.08/turn

%: no passive effects
@: on berserk cooldown, slowed, very slow
A: (nimble swimmer 2), mertail
a: Renounce Religion, Berserk


You were on level 2 of the Dungeon.
You worshipped Trog.
Trog was aware of your devotion.
You visited 1 branch of the dungeon, and saw 2 of its levels.

You collected 15 gold pieces.

Inventory:

Hand Weapons
 a - a +0 falchion (weapon)
Missiles
 g - a throwing net
Armour
 b - a +0 animal skin (worn)
Jewellery
 d - a +6 ring of intelligence (left hand)
 h - a ring of poison resistance (right hand)
 j - a ring of see invisible
Scrolls
 c - a scroll of teleportation {unknown}
 e - a scroll of identify {unknown}
 f - a scroll of revelation {unknown}
 i - a scroll of enchant weapon {unknown}


   Skills:
 - Level 3.2 Fighting
 + Level 4.8 Long Blades
 - Level 1.3 Armour
 - Level 2.6 Dodging


You had one spell level left.
You didn't know any spells.
Your spell library was empty.

Dungeon Overview and Level Annotations

Branches:
Dungeon (2/15)

Altars:

Annotations:
D:2 Sigmund


Innate Abilities, Weirdness & Mutations

((You are very nimble when in or above water. (Stealth+, EV+, Speed+++)))
Your lower body shifts to a powerful aquatic tail in water.


Message History

The bat closely misses you.
You hit the bat but do no damage. The bat barely misses you.
The bat barely misses you.
Sigmund hits you from afar with a +0 scythe.
A red film seems to cover your vision as you go berserk!
You feel yourself moving faster!
You feel mighty! The bat barely misses you.
You feel a strong urge to attack something.
Sigmund barely misses you.
You barely miss Sigmund. You slash Sigmund!
Sigmund is heavily wounded.
Sigmund misses you.
You barely miss Sigmund.
Sigmund is heavily wounded.
The bat hits you but does no damage.
You closely miss Sigmund.
Sigmund is heavily wounded.
Sigmund gestures wildly while chanting.
Sigmund flickers and vanishes!
Deactivating autopickup; reactivate with Ctrl-A.
You closely miss something. The bat barely misses you.
You barely miss something. Something hits you!
You closely miss something. The bat barely misses you.
You miss something. Something hits you but does no damage.
You barely miss something. You barely miss something.
The bat hits you but does no damage. Something hits you!
You barely miss something. The bat hits you but does no damage.
You closely miss something. The bat hits you but does no damage.
You hear some strange, mumbled words.
A magic dart appears from out of thin air!
The magic dart hits you.
* * * LOW HITPOINT WARNING * * *
You closely miss something.
You are no longer berserk.
You are exhausted.
You feel yourself slow down. The bat hits you but does no damage.
You hit something but do no damage. The bat hits you but does no damage.
Something hits you!
You die...

..# #.# #.. # #.#
#. #.# #.#####.# .
#.......### ....
.####?...{...#.....
........@..<.......
####.#.#.b........
.###.#.##.#.####.#
#...............
#####...####.###
#.... .# #.### .#
#. .# #.


You could see a bat.

Vanquished Creatures
  2 bats (D:1)
  3 endoplasms (D:1)
  A giant cockroach (D:1)
  2 goblins (D:1)
  A hobgoblin (D:1)
  A quokka (D:1)
  A ball python (D:1)
  2 kobolds (D:1)
  5 rats (D:1)
18 creatures vanquished.

Notes
Turn   | Place    | Note
-------+----------+-------------------------------------------
     0 | D:1      | Persephone the Merfolk Berserker began the quest for the
                  | Orb.
     0 | D:1      | Reached XP level 1. HP: 18/18 MP: 1/1
    80 | D:1      | Reached skill level 4 in Long Blades
   199 | D:1      | Reached XP level 2. HP: 18/24 MP: 2/2
   965 | D:2      | Noticed Sigmund
   987 | D:2      | Slain by Sigmund

Illustrated notes

Levels and vault maps discovered:
D:1:      dpeg_arrival_court, layout_basic, minmay_close_crescents
D:2:      layout_loops_ring, minmay_misc_feat_plants, uniq_sigmund

Skill      XL: |  1 |
---------------+----+-----
Long Blades    | 4 |  4.8
Fighting       | |  3.2
Armour         | |  1.3
Dodging        | |  2.6

Action                     || total
---------------------------++-------
  Melee: Falchion          ||    77
         Punch             ||     1
 Invoke: Berserk           ||     3
 Armour: Animal skin       ||    46
  Dodge: Dodged            ||    38

Table legend: (Time is in decaauts)
 A = Elapsed time spent in this place.
 B = Non-inter-level travel time spent in this place.
 C = Inter-level travel time spent in this place.
 D = Time resting spent in this place.
 E = Time spent auto-exploring this place.
 F = Levels seen in this place.
 G = Mean time per level.
                   A        B        C        D        E       F      G
               +--------+--------+--------+--------+--------+-----+--------+
         Total |    999 |    953 |     46 |      0 |    786 |   2 |  499.5 |
       Dungeon |    999 |    953 |     46 |      0 |    786 |   2 |  499.5 |
               +--------+--------+--------+--------+--------+-----+--------+

Top non-repeatable levels by time:
     D:1: 971 daAuts
     D:2: 27 daAuts
